 Dungeon Crawl Stone Soup version 0.21-a0-538-gd16b88a (webtiles) character file.

33335 Lavandula the Spear-Bearer (level 13, -2/101 HPs)
             Began as a Mummy Chaos Knight on Dec 16, 2017.
             Slain by a sixfirhy (3 damage)
             ... led by a cacodemon
             ... on level 3 of the Abyss.
             The game lasted 01:17:54 (16230 turns).

Lavandula the Spear-Bearer (Mummy Chaos Knight)    Turns: 16230, Time: 01:17:54

Health: -2/101     AC: 10    Str: 18    XL:     13   Next: 36%
Magic:  0/23       EV: 17    Int: 19    God:    Xom [......]
Gold:   2096       SH:  0    Dex: 23    Spells: 5/25 levels left

rFire    x . .     SeeInvis .   a - +1 spear (chaos)
rCold    + . .     Gourm    .   (no shield)
rNeg     + + +     Faith    .   d - +1 leather armour of Emmiceb {rC- Regen+ Int+6}
rPois    ∞         Spirit   +   p - +2 helmet of Fekodunea {Dex+5}
rElec    .         Reflect  .   H - +0 cloak
rCorr    .         Harm     .   s - +0 pair of fencer's gloves {+Riposte Dex+3}
MR       +....                  u - +0 pair of boots
Stlth    +++.......             k - amulet of guardian spirit
HPRegen  0.66/turn              I - +3 ring of dexterity
MPRegen  0.18/turn              q - ring of protection from cold

@: about to teleport
A: no food or potions, fire vulnerability, cold resistance 1, negative energy
resistance 3, torment resistance, unbreathing, in touch with death 1
a: Renounce Religion


You were on level 3 of the Abyss.
You worshipped Xom.
You were a very special plaything of Xom.
You were not hungry.

You visited 2 branches of the dungeon, and saw 16 of its levels.
You visited the Abyss 1 time.
You also visited: Sewer and Volcano.

You collected 2096 gold pieces.

Inventory:

Hand Weapons
 a - a +1 spear of chaos (weapon)
 b - a +1 hand axe of chopping
 x - a +0 trident
 A - a +1 glaive of chopping
 B - a +2 vampiric trident
Missiles
 h - 20 tomahawks (quivered)
 z - 13 needles of sleeping
 G - 2 poisoned tomahawks
Armour
 d - the +1 leather armour of Emmiceb (worn) {rC- Regen+ Int+6}
   (You found it on level 4 of the Dungeon)

   It affects your intelligence (+6).
   It makes you vulnerable to cold.
   It increases your rate of regeneration.
 p - the +2 helmet of Fekodunea (worn) {Dex+5}
   (You found it on level 6 of the Dungeon)

   It affects your dexterity (+5).
 s - the +0 pair of fencer's gloves (worn) {+Riposte Dex+3}
   (You found it on level 9 of the Dungeon)

   It affects your dexterity (+3).
 t - a +2 ring mail of cold resistance
 u - a +0 pair of boots (worn)
 y - a +2 robe of fire resistance
 F - a +2 ring mail of fire resistance
 H - a +0 cloak (worn)
Jewellery
 f - an uncursed ring of see invisible
 j - a +3 ring of intelligence
 k - an amulet of guardian spirit (around neck)
 q - a ring of protection from cold (right hand)
 I - a +3 ring of dexterity (left hand)
Wands
 e - a wand of enslavement (19)
 n - a wand of random effects (27)
 C - a wand of clouds (3)
 E - a wand of iceblast (8)
Scrolls
 c - 2 scrolls of remove curse
 g - 3 scrolls of immolation
 l - 10 scrolls of identify
 m - a scroll of magic mapping
 o - a scroll of torment
 v - 3 scrolls of teleportation
 w - 4 scrolls of fear
 D - 4 scrolls of amnesia
Miscellaneous
 r - a phial of floods (inert)
 J - a phantom mirror


   Skills:
 - Level 9.6 Fighting
 - Level 13.0 Polearms
 - Level 1.5 Armour
 - Level 6.0 Dodging
 + Level 4.2 Stealth
 - Level 6.8 Spellcasting
 - Level 4.9 Conjurations
 - Level 3.0 Hexes
 - Level 3.5 Summonings
 - Level 3.1 Translocations
 - Level 2.0 Fire Magic
 - Level 3.2 Evocations


You had 5 spell levels left.
You knew the following spells:

 Your Spells              Type           Power        Failure   Level  Hunger
a - Blink                 Tloc           N/A          4%          2    N/A
b - Call Imp              Summ           ###.....     4%          2    N/A
c - Mephitic Cloud        Conj/Pois/Air  ##......     19%         3    N/A
d - Conjure Flame         Conj/Fire      ###.....     9%          3    N/A
e - Animate Skeleton      Necr           N/A          12%         1    N/A
f - Confuse               Hex            ###.....     11%         3    N/A
g - Tukima's Dance        Hex            ###.....     11%         3    N/A
h - Dazzling Spray        Conj/Hex       ###...       7%          3    N/A

Dungeon Overview and Level Annotations

Branches:
Dungeon (12/15)            Temple (0/1) D:4            Lair (4/6) D:8
 Shoals (0/4) Lair:3        Snake (0/4) Lair:4          Orc (0/2) D:9

Altars:
Ashenzari
Elyvilon
Fedhas
Hepliaklqana
Kikubaaqudgha
Nemelex Xobeh
Qazlal
Ru
Sif Muna
Trog
Vehumet
Xom

Annotations:
D:9 high-level vault!


Innate Abilities, Weirdness & Mutations

You do not eat or drink.
Your flesh is vulnerable to fire.
You are immune to poison.
Your flesh is cold resistant. (rC+)
You are immune to negative energy. (rN+++)
You are immune to unholy pain and torment.
You can survive without breathing.
You are in touch with the powers of death.


Message History

Found a meat ration.
Unknown command.
Unknown command.
You hear a grinding noise.
Unknown command.
Unknown command.
A starcursed mass splits.
The raiju bursts into living lightning!
The living lightning hits you!
* * * LOW HITPOINT WARNING * * *
The raiju blinks!
Unknown command.
The raiju bites you.
* * * LOW HITPOINT WARNING * * *
The raiju shocks you!
* * * LOW HITPOINT WARNING * * *
Xom roars with laughter!
The sixfirhy hits you.
You die...
Xom titters!

...#.##.##.###.##
### .../.#.#.#..#
# #XX......# #h
#X..§ 3..4
##.##.#§... #
..###. #.. ##.#.#
..##. #.#3#.# #..
# #.@h# # ##.
#...### ## #.###
#


You could see a sixfirhy and a raiju.

Vanquished Creatures
  The ghost of kae the Grappler, a journeyman DrTm of Wu Jian (Lair:1)
  The ghost of Aviak the Covert, a journeyman GnEn of Vehumet (D:11)
  2 hydras
  A catoblepas (Lair:3)
  3 two-headed ogres
  3 death yaks
  Pikel (D:7)
  An unseen horror (D:11)
  A glowing orange brain (Abyss:3)
  An orb spider (D:9)
  An ugly thing (D:12)
  2 black mambas (Lair:3)
  9 elephants (Lair:2)
  A merfolk siren (Lair:3)
  An orange demon (Abyss:2)
  A water nymph (Lair:2)
  A spiny frog (shapeshifter) (Lair:2)
  6 spiny frogs
  3 centaur skeletons
  3 large abominations (Abyss:3)
  2 komodo dragons
  2 hellwings (D:8)
  2 ancient zymes
  2 merfolk (Lair:3)
  Grinder (D:3)
  2 hippogriffs
  2 raiju
  4 blink frogs
  9 yaks
  A fire bat (Lair:3)
  3 basilisks
  A swamp worm (D:9)
  A naga (Lair:4)
  An acid dragon (D:11)
  5 water moccasins
  8 porcupines
  4 slaves (D:5)
  2 black bears
  5 ogres
  5 orc warriors
  A phantom (D:6)
  A sky beast (D:6)
  4 small abominations
  4 centaurs
  7 crocodiles
  14 wolves
  A big kobold (D:11)
  13 bullfrogs
  A wyvern zombie (D:6)
  A wyvern skeleton (D:11)
  3 scorpions
  6 killer bees
  A howler monkey (D:6)
  4 crimson imps
  A bullfrog zombie (D:8)
  A quasit (Abyss:2)
  11 starcursed masses (Abyss:2)
  3 jellies
  A bullfrog skeleton (D:9)
  5 hounds
  14 orc wizards
  8 orc priests
  4 iguanas
  7 worker ants
  A hound skeleton (D:6)
  A howler monkey zombie (D:7)
  9 adders
  A gnoll (D:5)
  A howler monkey skeleton (D:11)
  5 shadow imps
  An ufetubus (Abyss:3)
  3 oozes
  5 worms
  2 dart slugs
  5 leopard geckos
  44 orcs
  2 giant cockroaches
  9 goblins
  6 hobgoblins
  7 jackals
  10 kobolds
  3 quokkas
  A ball python (D:2)
  11 bats
  8 frilled lizards
  A leopard gecko skeleton (D:9)
  A quokka zombie (D:9)
  17 rats
  A fungus (Lair:2)
  A starspawn tentacle (Abyss:3)
377 creatures vanquished.

Vanquished Creatures (collateral kills)
  3 two-headed ogres (D:8)
  A death yak (D:8)
  2 merfolk sirens (Lair:3)
  2 centaur zombies (D:7)
  A spiny frog (Lair:4)
  The ghost of CasualChangeling the Quickloader, a novice KoHu (D:5)
  A hippogriff (D:8)
  A meliai zombie (D:7)
  2 yaks
  A water moccasin (Lair:1)
  A porcupine (Lair:1)
  2 ice beasts
  A wolf (Lair:3)
  A wyvern skeleton (D:7)
  A killer bee (D:8)
  A crimson imp (D:12)
  A hound (D:9)
  2 jellies (D:8)
  A bullfrog skeleton (D:9)
  An orc wizard (D:10)
  An adder (D:2)
  3 shadow imps
  4 oozes (D:8)
  An adder skeleton (D:8)
  3 orcs
  2 kobolds (D:2)
  A fungus (Lair:2)
  A plant (Lair:3)
43 creatures vanquished.

Vanquished Creatures (others)
  An elephant (Lair:2)
  A komodo dragon (Lair:2)
  A hellwing (D:7)
  A hungry ghost (D:9)
  A large abomination (Abyss:2)
  A worker ant (D:7)
  A leopard gecko (D:6)
  A bush (Lair:1)
  7 fungi
  2 plants
  8 starspawn tentacles (Abyss:3)
  A withered plant (D:7)
26 creatures vanquished.

Grand Total: 446 creatures vanquished

Notes
Turn   | Place    | Note
-------+----------+-------------------------------------------
     0 | D:1      | Lavandula the Mummy Chaos Knight began the quest for the Orb.
     0 | D:1      | Reached XP level 1. HP: 18/18 MP: 1/1
    22 | D:1      | XOM: divination: magic mapping
    26 | D:1      | XOM: enchant monster (bad)
    86 | D:1      | Reached skill level 3 in Polearms
    86 | D:1      | Reached XP level 2. HP: 22/24 MP: 2/2
   340 | D:1      | Reached XP level 3. HP: 24/29 MP: 3/3
   547 | D:1      | XOM: god gift: dagger {god gift}
   855 | D:2      | Reached skill level 4 in Polearms
   855 | D:2      | XOM: cast spell 'Summon Horrible Things'
   858 | D:2      | Reached XP level 4. HP: 35/35 MP: 4/4
  1060 | D:2      | XOM: cloud trail
  1096 | D:2      | Found a faded altar of an unknown god.
  1247 | D:2      | XOM: summons 2 hostile demons
  1306 | D:2      | XOM: scenery: create altars
  1361 | D:2      | Found a sacrificial altar of Ru.
  1389 | D:3      | Found a stormy altar of Qazlal.
  1395 | D:3      | Found a blossoming altar of Fedhas.
  1605 | D:3      | Found a hazy altar of Hepliaklqana.
  1708 | D:3      | Noticed Grinder
  1714 | D:3      | Paralysed by Grinder for 5 turns
  1733 | D:3      | Killed Grinder
  1733 | D:3      | Reached skill level 5 in Polearms
  1733 | D:3      | Reached XP level 5. HP: 24/41 MP: 5/5
  1733 | D:3      | Reached XP level 6. HP: 27/47 MP: 6/6
  1916 | D:3      | XOM: noise
  2006 | D:4      | Reached skill level 6 in Polearms
  2015 | D:4      | XOM: confuse monster(s)
  2331 | D:4      | Reached XP level 7. HP: 32/52 MP: 7/7
  2356 | D:4      | Found a glowing drain.
  2380 | Sewer    | Entered a sewer
  2494 | Sewer    | Reached skill level 7 in Polearms
  2747 | D:4      | XOM: severe Hex miscast
  2794 | D:4      | XOM: 2-stop teleportation journey
  2858 | D:4      | XOM: summons 3 hostile demons
  2917 | D:4      | XOM: 2-stop teleportation journey
  3038 | D:4      | Found a staircase to the Ecumenical Temple.
  3244 | D:4      | Got a warped leather armour
  3255 | D:4      | Identified the +1 leather armour of Emmiceb {rC- Regen+ Int+6} (You found it on level 4 of the Dungeon)
  3288 | D:5      | Entered Level 5 of the Dungeon
  3315 | D:5      | Learned a level 2 spell: Blink
  3318 | D:5      | Learned a level 2 spell: Call Imp
  3467 | D:5      | Reached skill level 1 in Spellcasting
  3487 | D:5      | Learned a level 3 spell: Mephitic Cloud
  3491 | D:5      | Learned a level 3 spell: Conjure Flame
  3510 | D:5      | Found a bloodstained altar of Trog.
  3553 | D:5      | Noticed CasualChangeling's ghost (novice KoHu)
  3726 | D:5      | XOM: cleaving
  3734 | D:5      | XOM: summons 2 hostile shadow creatures
  3737 | D:5      | XOM: chaos cloud
  3953 | D:5      | XOM: medium Hex miscast
  4086 | D:5      | XOM: divination: detect creatures
  4088 | D:5      | XOM: swap monsters
  4088 | D:5      | HP: 2/52 [iguana (16)]
  4190 | D:5      | Reached skill level 1 in Conjurations
  4199 | D:5      | XOM: summons friendly crimson imp
  4248 | D:5      | XOM: potion effect (invisibility)
  4272 | D:5      | XOM: summons 1 hostile demon
  4415 | D:6      | Reached skill level 1 in Fire Magic
  4437 | D:6      | XOM: enchant monster (good)
  4474 | D:6      | XOM: scenery: create altars
  4512 | D:6      | Reached skill level 1 in Summonings
  4512 | D:6      | Reached XP level 8. HP: 35/58 MP: 2/11
  4584 | D:6      | XOM: scenery: create altars
  4588 | D:5      | XOM: enchant monster (good)
  4590 | D:5      | XOM: scenery: create altars
  4654 | D:5      | XOM: cleaving
  4817 | D:5      | XOM: summons friendly white imp
  4819 | D:5      | XOM: potion effect (agility)
  4824 | D:5      | XOM: god gift: 14 gold pieces
  4827 | D:5      | XOM: cast spell 'Summon Hydra'
  4830 | D:5      | Killed CasualChangeling's ghost
  4886 | D:5      | Found a shimmering altar of Xom.
  4958 | D:6      | XOM: polymorph adder -> leopard gecko
  4989 | D:6      | Reached skill level 1 in Translocations
  5258 | D:6      | XOM: summons 8 friendly demons
  5285 | D:6      | Got a heavily runed helmet
  5291 | D:6      | Identified the +2 helmet of Fekodunea {Dex+5} (You found it on level 6 of the Dungeon)
  5332 | D:6      | Found a deep blue altar of Sif Muna.
  5333 | D:6      | Found an ancient bone altar of Kikubaaqudgha.
  5333 | D:6      | Found a radiant altar of Vehumet.
  5335 | D:6      | Identified Kikubaaqudgha's Compendium of Evil Magic
  5339 | D:6      | Learned a level 1 spell: Animate Skeleton
  5500 | D:7      | Noticed a hellwing
  5504 | D:7      | Noticed a hellwing
  5514 | D:7      | Reached skill level 5 in Fighting
  5514 | D:7      | Reached XP level 9. HP: 68/68 MP: 8/12
  5518 | D:7      | XOM: enchant monster (good)
  5522 | D:7      | XOM: cast spell 'Discord'
  5534 | D:7      | Killed a hellwing
  5556 | D:7      | Noticed Pikel
  5576 | D:7      | Killed Pikel
  5688 | D:8      | Noticed a two-headed ogre
  5694 | D:8      | Noticed a two-headed ogre
  5713 | D:8      | XOM: summons 3 friendly demons
  5723 | D:8      | XOM: summons friendly ufetubus
  5724 | D:8      | XOM: summons 5 friendly demons
  5736 | D:8      | Noticed a death yak
  5738 | D:8      | Noticed a death yak
  5743 | D:8      | Noticed a death yak
  5745 | D:8      | Noticed a death yak
  5745 | D:8      | Noticed a death yak
  5747 | D:8      | Noticed a queen ant
  5747 | D:8      | a death yak changed into a queen ant
  5747 | D:8      | XOM: polymorph death yak -> queen ant
  5747 | D:8      | Killed a two-headed ogre
  5753 | D:8      | XOM: cast spell 'Metabolic Englaciation'
  5758 | D:8      | Killed a death yak
  5758 | D:8      | Reached XP level 10. HP: 56/83 MP: 3/13
  5763 | D:8      | XOM: harmless Summ miscast
  5771 | D:9      | XOM: divination: detect items
  5775 | D:9      | XOM: divination: detect creatures
  5781 | D:9      | XOM: divination: magic mapping
  5955 | D:9      | Noticed a two-headed ogre
  5980 | D:9      | XOM: divination: detect creatures
  6001 | D:9      | XOM: cast spell 'Summon Butterflies'
  6002 | D:9      | XOM: confuse monster(s)
  6008 | D:9      | Killed a two-headed ogre
  6029 | D:9      | XOM: divination: detect creatures
  6031 | D:9      | a queen ant changed into a swamp worm
  6106 | D:8      | Noticed a two-headed ogre
  6108 | D:8      | XOM: summons friendly ufetubus
  6131 | D:8      | Killed a two-headed ogre
  6139 | D:8      | Noticed a two-headed ogre
  6227 | D:9      | Found a white marble altar of Elyvilon.
  6302 | D:9      | Found a sparkling altar of Nemelex Xobeh.
  6411 | D:9      | Found a staircase to the Orcish Mines.
  6425 | D:9      | Killed a death yak
  6425 | D:9      | Reached skill level 5 in Spellcasting
  6454 | D:9      | Killed a death yak
  6511 | D:9      | HP: 2/83 [something (12)]
  6713 | D:9      | Found the +0 pair of fencer's gloves {+Riposte Dex+3}
  6759 | D:9      | Noticed an orb spider
  6759 | D:9      | a yak changed into an orb spider
  6774 | D:9      | Killed an orb spider
  6774 | D:9      | Reached skill level 8 in Polearms
  6793 | D:9      | Noticed a cyan ugly thing
  6828 | D:8      | Noticed a two-headed ogre
  6829 | D:8      | XOM: enchant monster (good)
  6931 | D:9      | Found a shattered altar of Ashenzari.
  7001 | D:10     | Entered Level 10 of the Dungeon
  7040 | D:10     | Reached skill level 1 in Dodging
  7142 | D:10     | XOM: cloud trail
  7248 | D:10     | XOM: cloud trail
  7301 | D:10     | Reached XP level 11. HP: 89/89 MP: 21/21
  7433 | D:10     | XOM: summons 3 hostile demons
  7494 | D:10     | XOM: 1-stop teleportation journey
  7588 | D:10     | XOM: scenery: 1 doors open
  7979 | D:10     | XOM: cloud trail
  8277 | D:9      | XOM: cast spell 'Olgreb's Toxic Radiance'
  8317 | D:8      | XOM: butterfly on damage
  8318 | D:8      | XOM: scenery: create altars
  8326 | D:8      | XOM: cast spell 'Summon Mana Viper'
  8337 | D:8      | Killed a death yak
  8341 | D:8      | XOM: medium Fire miscast
  8487 | D:8      | Found a staircase to the Lair.
  8517 | D:8      | Killed a two-headed ogre
  8563 | D:8      | XOM: noise
  8567 | D:8      | XOM: summons friendly quasit
  8570 | D:8      | Killed a two-headed ogre
  8570 | D:8      | Reached skill level 5 in Dodging
  8636 | D:8      | Killed a two-headed ogre
  8824 | D:8      | Found a white marble altar of Elyvilon.
  8932 | D:7      | XOM: fog
  8933 | D:7      | XOM: harmless Erth miscast
  8991 | D:8      | Reached skill level 9 in Polearms
  9128 | D:7      | XOM: confusion
  9241 | D:7      | XOM: summons 2 hostile demons
  9294 | D:7      | Found a sparkling altar of Nemelex Xobeh.
  9543 | D:11     | Noticed an eight-headed hydra
  9640 | D:11     | Noticed Aviak's ghost (journeyman GnEn)
  9654 | D:11     | XOM: mild Fire miscast
  9657 | D:11     | XOM: 9-stop teleportation journey
  9658 | D:11     | Noticed an unseen horror
  9663 | D:11     | Killed an unseen horror
  9676 | D:11     | XOM: 2-stop teleportation journey
  9702 | D:11     | XOM: 4-stop teleportation journey
  9766 | D:11     | XOM: repel stairs
  9834 | D:10     | XOM: scenery: 1 doors close
  9848 | D:11     | Killed an eight-headed hydra
  9975 | D:11     | Reached skill level 10 in Polearms
 10104 | D:11     | XOM: cast spell 'Cause Fear'
 10114 | D:11     | Killed Aviak's ghost
 10212 | D:11     | Learned a level 3 spell: Confuse
 10216 | D:11     | Learned a level 3 spell: Tukima's Dance
 10220 | D:11     | Learned a level 3 spell: Dazzling Spray
 10697 | D:12     | Noticed a white ugly thing
 10708 | D:12     | XOM: summons 2 friendly demons
 10733 | D:12     | Killed a white ugly thing
 10733 | D:12     | Reached skill level 1 in Hexes
 10869 | D:12     | XOM: destruction
 10884 | D:12     | XOM: mild Conj miscast
 10886 | D:12     | XOM: 1-stop teleportation journey
 11030 | Lair:1   | Entered Level 1 of the Lair of Beasts
 11084 | Lair:1   | XOM: enchant monster (bad)
 11094 | Lair:1   | Reached XP level 12. HP: 45/96 MP: 19/22
 11208 | Lair:1   | XOM: enchant monster (bad)
 11253 | Lair:1   | XOM: noise
 11302 | Lair:1   | XOM: divination: detect creatures
 11464 | Lair:1   | XOM: divination: magic mapping
 11592 | Lair:1   | XOM: blink monster(s)
 11593 | Lair:1   | XOM: cleaving
 11611 | Lair:1   | Reached skill level 11 in Polearms
 11981 | Lair:2   | XOM: polymorph elephant -> water nymph
 12062 | Lair:2   | XOM: 1-stop teleportation journey
 12086 | Lair:2   | XOM: fog
 12095 | Lair:2   | XOM: swap monsters
 12106 | Lair:2   | XOM: destruction
 12136 | Lair:2   | XOM: cast spell 'Alistair's Intoxication'
 12149 | Lair:2   | XOM: enchant monster (good)
 12186 | Lair:1   | Noticed kae's ghost (journeyman DrTm)
 12210 | Lair:1   | XOM: medium Fire miscast
 12325 | Lair:1   | XOM: mild Air miscast
 12336 | Lair:1   | Killed kae's ghost
 12645 | Lair:2   | XOM: swap monsters
 12697 | Lair:2   | XOM: 3-stop teleportation journey
 12708 | Lair:2   | XOM: cast spell 'Shadow Creatures'
 12716 | Lair:2   | Reached skill level 12 in Polearms
 12774 | Lair:2   | XOM: summons friendly shadow imp
 12858 | Lair:2   | XOM: harmless Tmut miscast
 12922 | Lair:2   | XOM: polymorph crimson imp -> shadow imp
 12934 | Lair:2   | XOM: fog
 12946 | Lair:2   | XOM: enchant monster (good)
 12989 | Lair:2   | XOM: summons friendly white imp
 13024 | Lair:2   | XOM: fog
 13046 | Lair:2   | XOM: divine lightning
 13432 | Lair:3   | Noticed an eight-headed hydra
 13450 | Lair:3   | Killed an eight-headed hydra
 13489 | Lair:3   | XOM: enchant monster (good)
 13492 | Lair:3   | XOM: summons 12 friendly demons
 13615 | Lair:3   | XOM: summons 1 hostile demon
 13685 | Lair:3   | Gained mutation: You are in touch with the powers of death. [Mummy growth]
 13685 | Lair:3   | Reached XP level 13. HP: 101/101 MP: 21/23
 13753 | Lair:3   | XOM: summons 1 hostile demon
 13776 | Lair:3   | Found a staircase to the Shoals.
 14000 | Lair:3   | XOM: swap monsters
 14143 | Lair:3   | XOM: god gift: 930 gold pieces
 14277 | Lair:4   | XOM: enchant monster (good)
 14393 | Lair:4   | Found a dark tunnel.
 14408 | Volcano  | Entered a volcano
 14410 | Volcano  | Noticed p0werm0de's ghost (journeyman DsFE)
 14416 | Volcano  | XOM: destruction
 14630 | Lair:4   | Found a staircase to the Snake Pit.
 14847 | Lair:4   | XOM: smoke on damage
 14864 | Lair:3   | XOM: scenery: 1 doors close
 14950 | Lair:4   | Reached skill level 13 in Polearms
 15035 | Lair:4   | XOM: fake destruction
 15037 | Lair:4   | XOM: medium Air miscast
 15072 | Lair:4   | XOM: medium Tloc miscast
 15072 | Lair:4   | Cast into level 2 of the Abyss (the capriciousness of Xom)
 15120 | Abyss:2  | XOM: mild Tloc miscast
 15171 | Abyss:2  | Noticed a purple draconian knight
 15172 | Abyss:2  | XOM: enchant monster (good)
 15178 | Abyss:2  | Reached skill level 1 in Stealth
 15180 | Abyss:2  | XOM: summons 7 friendly demons
 15184 | Abyss:2  | Noticed a starcursed mass
 15205 | Abyss:2  | XOM: scenery: create altars
 15228 | Abyss:2  | Noticed a starcursed mass
 15228 | Abyss:2  | XOM: harmless Pois miscast
 15242 | Abyss:2  | XOM: divination: magic mapping
 15254 | Abyss:2  | Found a shimmering altar of Xom.
 15257 | Abyss:2  | XOM: potion effect (haste)
 15278 | Abyss:2  | XOM: potion effect (curing)
 15279 | Abyss:2  | XOM: potion effect (brilliance)
 15286 | Abyss:2  | XOM: scenery: create altars
 15300 | Abyss:2  | XOM: summons 2 friendly demons
 15318 | Abyss:2  | Found a shimmering altar of Xom.
 15339 | Abyss:2  | Found a shimmering altar of Xom.
 15344 | Abyss:2  | Paralysed by accursed screaming for 1 turns
 15370 | Abyss:2  | Noticed a bone dragon
 15388 | Abyss:2  | XOM: enchant monster (good)
 15409 | Abyss:2  | XOM: mild Fire miscast
 15414 | Abyss:2  | XOM: summons 8 friendly demons
 15495 | Abyss:2  | Noticed a starcursed mass
 15581 | Abyss:2  | Noticed a red very ugly thing
 15625 | Abyss:2  | Noticed a tentacled starspawn
 15632 | Abyss:2  | XOM: fog
 15672 | Abyss:2  | XOM: polymorph ynoxinul -> smoke demon
 15823 | Abyss:3  | XOM: cast spell 'Summon Ice Beast'
 15873 | Abyss:3  | HP: 3/101 [thrashing horror (5)]
 15982 | Abyss:3  | XOM: fog
 16027 | Abyss:3  | Noticed a tentacled starspawn
 16030 | Abyss:3  | XOM: summons 3 friendly demons
 16043 | Abyss:3  | XOM: fog
 16080 | Abyss:3  | Noticed a tentacled starspawn
 16097 | Abyss:3  | Noticed a crystal guardian
 16097 | Abyss:3  | XOM: swap monsters
 16105 | Abyss:3  | XOM: chaos cloud
 16106 | Abyss:3  | Noticed a starcursed mass
 16151 | Abyss:3  | XOM: confusion
 16174 | Abyss:3  | XOM: harmless Ice miscast
 16224 | Abyss:3  | Noticed a starcursed mass
 16225 | Abyss:3  | Noticed a cacodemon
 16230 | Abyss:3  | HP: 1/101 [raiju (9)]
 16230 | Abyss:3  | Slain by a sixfirhy

Vault maps used:
D:1:      saegor_arrival_simple_a
D:2:      nicolae_ru_the_path_less_chosen,
          chequers_ecumenical_altar_simple_redux, minmay_mini_jars
D:3:      grunt_temple_overflow_forces_of_nature, lemuel_round_altar,
          minmay_statues_item, due_unseen_surprise, uniq_grinder
D:4:      minmay_temple_entry_nine_rooms, portal_sewer_entry_b
D:5:      lightli_temple_of_fire, first_bread, serial_bayou_pond_a, tgw_xom,
          uniq_pikel
D:6:      grunt_temple_overflow_magic_moments
D:7:      cheibrodos_grave_circle, nemelex_dance_club_becter
D:8:      kennysheep_mini_moat, dpeg_lair_monsters,
          hangedman_little_slice_of_home
D:9:      minmay_chopped_fan, kennysheep_mini, nicolae_overflow_crystal_walls,
          orc_0_dummy, hangedman_decor_riveting, elyvilon_altar_5
D:11:     nicolae_wwwww
Lair:2:   serial_bayou_shore_b, lemuel_fruit_tree
Lair:3:   elwin_shoals_entry_stream, grunt_megastairs_3,
          infiniplex_staircase_pool_2
Lair:4:   guppyfry_snake_entry_garden, enter_volcano_4,
          grunt_forest_small_clearing_treed
Abyss:2:  kilobyte_mutagenic_chamber
Abyss:3:  evilmike_abyss_exit_15
Sewer:    sewer_big_baddie
Volcano:  volcano_aerie

Skill      XL: |  1  2  3  4  5  6  7  8  9 10 11 12 13 |
---------------+----------------------------------------+-----
Polearms       | 3 4 5 6 7 8 10 12 13 | 13.0
Spellcasting   | 2 6 |  6.8
Conjurations   | 1 2 4 |  4.9
Fire Magic     | 2 |  2.0
Summonings     | 1 3 |  3.5
Translocations | 3 |  3.1
Fighting       | 5 9 |  9.6
Dodging        | 2 5 6 |  6.0
Hexes          | 2 3 |  3.0
Evocations     | 3 |  3.2
Stealth        | 4 |  4.2
Armour         | |  1.5

Action                   |  1- 3 |  4- 6 |  7- 9 | 10-12 | 13-15 || total
-------------------------+-------+-------+-------+-------+-------++-------
Melee: Spear             |   126 |   148 |   457 |  1233 |   157 ||  2121
       Glaive            |       |       |       |    11 |    28 ||    39
       Trident           |       |       |       |       |   267 ||   267
Throw: Tomahawk          |       |     4 |     5 |    10 |     1 ||    20
 Cast: Mephitic Cloud    |       |       |     5 |    39 |     9 ||    53
       Conjure Flame     |       |       |     4 |     6 |     8 ||    18
       Animate Skeleton  |       |       |       |    36 |    12 ||    48
       Call Imp          |       |       |       |    11 |     2 ||    13
       Blink             |       |       |       |     4 |    14 ||    18
       Dazzling Spray    |       |       |       |     1 |       ||     1
Evoke: Wand              |       |       |       |     5 |     2 ||     7
       Phial of floods   |       |       |       |       |     1 ||     1
  Use: Scroll            |       |     6 |     5 |     9 |    16 ||    36
 Stab: Paralysed         |     1 |     6 |    14 |    53 |    12 ||    86
       Sleeping          |     3 |     2 |     1 |     8 |       ||    14
       Petrifying        |       |     1 |     1 |     6 |       ||     8
       Confused          |       |     2 |     5 |    59 |     9 ||    75
       Petrified         |       |       |    18 |    36 |     4 ||    58
       Invisible         |       |       |     5 |       |       ||     5
       Betrayed ally     |       |       |     1 |       |       ||     1
       Distracted        |       |       |       |     5 |     1 ||     6
Armor: Leather armour    |    34 |    22 |    93 |   147 |    47 ||   343
       Ring mail         |       |       |       |       |     2 ||     2
Dodge: Dodged            |    50 |    54 |   147 |   314 |   160 ||   725
       Rpst.: Spear      |       |       |       |    78 |    20 ||    98
       Glaive            |       |       |       |     1 |       ||     1
       Trident           |       |       |       |       |    19 ||    19

Table legend:
 A = Spawn XP
 B = Non-spawn XP
 C = Spawn XP percentage of total XP
 D = Spawn monster count
 E = Non-spawn monster count
 F = Spawn count percentage of total count
 G = Total turns spent on level
                    A         B        C        D         E        F      G
               +---------+---------+-------+---------+---------+-------+---------
         Total |    1823 |   45799 |   3.8 |       7 |     411 |   1.7 | 16230
               +---------+---------+-------+---------+---------+-------+---------
           D:1 |       0 |      51 |   0.0 |       0 |      29 |   0.0 |   675
           D:2 |       0 |      81 |   0.0 |       0 |      32 |   0.0 |   714
           D:3 |       0 |     280 |   0.0 |       0 |       5 |   0.0 |   579
           D:4 |       0 |     388 |   0.0 |       0 |      32 |   0.0 |  1152
           D:5 |       0 |     553 |   0.0 |       0 |      14 |   0.0 |  1248
           D:6 |       0 |     945 |   0.0 |       0 |      19 |   0.0 |   884
           D:7 |       0 |    2507 |   0.0 |       0 |      28 |   0.0 |   655
           D:8 |       0 |    6430 |   0.0 |       0 |      39 |   0.0 |  1017
           D:9 |       0 |    4114 |   0.0 |       0 |      26 |   0.0 |  1286
          D:10 |       0 |    1379 |   0.0 |       0 |      31 |   0.0 |  1358
          D:11 |       0 |    4024 |   0.0 |       0 |      30 |   0.0 |  1029
          D:12 |       0 |     731 |   0.0 |       0 |       5 |   0.0 |   296
        Lair:1 |       0 |    5519 |   0.0 |       0 |      28 |   0.0 |  1150
        Lair:2 |       0 |    6871 |   0.0 |       0 |      25 |   0.0 |  1147
        Lair:3 |       0 |    6852 |   0.0 |       0 |      28 |   0.0 |   976
        Lair:4 |       0 |    1872 |   0.0 |       0 |      13 |   0.0 |   672
       Abyss:2 |     563 |    1912 |  22.7 |       2 |      15 |  11.8 |   675
       Abyss:3 |    1260 |    1172 |  51.8 |       5 |       6 |  45.5 |   483
         Sewer |       0 |     118 |   0.0 |       0 |       6 |   0.0 |   223
               +---------+---------+-------+---------+---------+-------+---------
